 Dungeon Crawl Stone Soup version 0.31.0-9-g3a7656b989 (webtiles) character file.

Game seed: 13454972216323044084

376 qw the Shooter (level 6, -1/30 HPs)
             Began as a Spriggan Hunter on Feb 2, 2024.
             Slain by Edmund
             ... wielding a +0 flail of holy wrath
              (13 damage)
             ... on level 4 of the Dungeon.
             The game lasted 00:00:12 (2592 turns).

qw the Shooter (Spriggan Hunter)                    Turns: 2592, Time: 00:00:13

Health: -1/30      AC:  2    Str:  7    XL:     6   Next: 44%
Magic:  7/7        EV: 21    Int: 10    God:
Gold:   164        SH:  0    Dex: 21    Spells: 5/5 levels left

rFire   . . .        a - +1 shortbow
rCold   . . .        (shield currently unavailable)
rNeg    . . .        c - +0 robe
rPois   .            (helmet restricted)
rElec   .            (no cloak)
rCorr   .            (gloves unavailable)
SInv    +            (boots unavailable)
Will    +....        (no amulet)
Stlth   ++           (no ring)
HPRegen 0.25/turn    (no ring)
MPRegen 0.10/turn

%: no passive effects
@: very quick
A: very small, no large weapons, unfitting armour, see invisible, speed 3
a: no special abilities


You were on level 4 of the Dungeon.
You visited 1 branch of the dungeon, and saw 4 of its levels.

You collected 164 gold pieces.


Innate Abilities, Weirdness & Mutations

You are very small and have problems with some larger weapons.
You are too small for most types of armour.
You have supernaturally acute eyesight. (SInv)
You cover ground extremely quickly. (Speed+++)


   Skills:
 - Level 2.1 Fighting
 + Level 6.3 Ranged Weapons
 - Level 6.0 Dodging
 - Level 1.5 Stealth


You had 5 spell levels left.
You didn't know any spells.
Your spell library was empty.

Inventory:

Hand Weapons
 a - a +1 shortbow (weapon)
Armour
 c - a +0 robe (worn)
Jewellery
 e - a ring of fire
Scrolls
 b - a scroll of identify {unknown}
Potions
 d - a potion of might
 f - a potion of degeneration {unknown}

Dungeon Overview and Level Annotations

Branches:
Dungeon (4/15)
 Temple: D:4-7

Altars:

Annotations:
D:4 Edmund


Message History

You shoot an arrow. The arrow hits Edmund.
Edmund is moderately wounded.
You shoot an arrow. The arrow hits Edmund.
Edmund is moderately wounded.
You shoot an arrow. The arrow barely misses Edmund.
You shoot an arrow. The arrow completely misses Edmund.
Edmund completely misses you.
You shoot an arrow. The arrow hits Edmund.
Edmund is heavily wounded.
Edmund hits you with a +0 flail of holy wrath!
You shoot an arrow. The arrow hits Edmund!
Edmund is severely wounded.
Edmund misses you.
You shoot an arrow. The arrow hits Edmund!
Edmund is severely wounded.
Edmund misses you.
You shoot an arrow. The arrow hits Edmund.
Edmund is almost dead.
Edmund closely misses you.
You shoot an arrow. The arrow barely misses Edmund.
Edmund completely misses you.
You shoot an arrow.
The arrow hits Edmund but does no damage.
Edmund is almost dead.
Edmund hits you with a +0 flail of holy wrath.
You shoot an arrow.
The arrow hits Edmund but does no damage.
Edmund is almost dead.
Edmund misses you.
You shoot an arrow. The arrow closely misses Edmund.
Edmund closely misses you.
You shoot an arrow. The arrow hits Edmund.
Edmund is almost dead.
Edmund hits you with a +0 flail of holy wrath!
You shoot an arrow.
The arrow hits Edmund but does no damage.
Edmund is almost dead.
Edmund hits you with a +0 flail of holy wrath!
You die...
Edmund says, "I'd like to see a scythe do that!"

#.... #....
#..## #....
#..## #....
..... # #...#
.#..##
#.###...##
....##
......... .....
#.......###.#.#
#..##
#..@@......
....
#.#.###.#.#
#.#. .. |.#
#.#. #. .#.#
###... .. .....
#~#.#. ## .#
### #.#..# #.
#.#.## # # #..#
##..#


You could see Edmund.

Vanquished Creatures
  Eustachio (D:4)
  A scorpion (D:4)
  An orc wizard (D:3)
  Natasha (D:4)
  4 adders
  3 ribbon worms (D:3)
  3 dart slugs
  4 orcs
  5 bats
  5 endoplasms
  7 giant cockroaches
  3 goblins
  7 hobgoblins
  3 jackals (D:1)
  5 kobolds
  4 quokkas
  6 ball pythons
  7 frilled lizards
  6 rats
76 creatures vanquished.

Notes
Turn   | Place    | Note
-------+----------+-------------------------------------------
     0 | D:1      | qw the Spriggan Hunter began the quest for the Orb.
     0 | D:1      | Reached XP level 1. HP: 10/10 MP: 2/2
     0 | D:1      | 0 ||| qw: Version: 0.3-a-155-g5e7d8dd
     0 | D:1      | 0 ||| qw: Game counter: 2358
     0 | D:1      | 0 ||| qw: Melee chars always use a shield: true
     0 | D:1      | 0 ||| qw: God list: Okawaru
     0 | D:1      | 0 ||| qw: Allow faded altars: false
     0 | D:1      | 0 ||| qw: Do Orc after clearing Dungeon:15 true
     0 | D:1      | 0 ||| qw: Do second Lair branch before Depths: true
     0 | D:1      | 0 ||| qw: Lair rune preference: random
     0 | D:1      | 0 ||| qw: Goals: Normal
     0 | D:1      | 0 ||| PLANNING D:1-11
    24 | D:1      | Reached skill level 3 in Dodging
    35 | D:1      | Reached XP level 2. HP: 10/14 MP: 3/3
   541 | D:1      | 541 ||| READING scroll labelled YXTOTHUMOOP.
   541 | D:1      | 541 ||| ENCHANTING +0 shortbow.
   542 | D:1      | 542 ||| READING scroll labelled GIPRUQ JOEWN.
   545 | D:1      | 545 ||| DROPPING scroll of butterflies.
   608 | D:2      | Reached XP level 3. HP: 18/18 MP: 4/4
  1261 | D:2      | 1261 ||| DROPPING +6 ring of intelligence.
  1262 | D:2      | 1262 ||| READING scroll labelled BUEL SOCZIQ.
  1263 | D:2      | 1263 ||| READING scroll labelled KALAOTSUHESS.
  1295 | D:2      | 1295 ||| DRINKING 2 fizzy orange potions.
  1376 | D:3      | Reached XP level 4. HP: 22/22 MP: 5/5
  1584 | D:3      | Identified the +5 ring mail "Ivvaclog" {rPois rN++ Dex+2}
  1732 | D:3      | Reached XP level 5. HP: 26/26 MP: 6/6
  1990 | D:3      | 1990 ||| READING scroll labelled HISAOC ZEHAOPT.
  1990 | D:3      | 1990 ||| ENCHANTING +1 shortbow.
  1991 | D:3      | 1991 ||| READING scroll labelled LAGGUXKUQOE.
  1992 | D:3      | 1992 ||| READING 2 scrolls labelled REWYOREORGH.
  1993 | D:3      | 1993 ||| DROPPING scroll of noise.
  1995 | D:3      | 1995 ||| Stepping ~*~*~tactically~*~*~ (cloud).
  2003 | D:3      | HP: 6/26 [poisoned by you (poison gas)]
  2125 | D:4      | Noticed Eustachio
  2131 | D:4      | 2131 ||| RETREEEEATING.
  2133 | D:4      | 2133 ||| RETREEEEATING.
  2134 | D:4      | 2134 ||| RETREEEEATING.
  2135 | D:4      | 2135 ||| RETREEEEATING.
  2141 | D:4      | 2141 ||| FLEEEEING.
  2142 | D:4      | 2142 ||| FLEEEEING.
  2143 | D:4      | 2143 ||| STAIRDANCE
  2175 | D:4      | 2175 ||| RETREEEEATING.
  2176 | D:4      | 2176 ||| RETREEEEATING.
  2178 | D:4      | 2178 ||| RETREEEEATING.
  2179 | D:4      | 2179 ||| RETREEEEATING.
  2181 | D:4      | 2181 ||| RETREEEEATING.
  2182 | D:4      | 2182 ||| RETREEEEATING.
  2184 | D:4      | 2184 ||| RETREEEEATING.
  2196 | D:4      | 2196 ||| RETREEEEATING.
  2197 | D:4      | 2197 ||| RETREEEEATING.
  2218 | D:4      | Killed Eustachio
  2219 | D:4      | Reached skill level 6 in Ranged Weapons
  2219 | D:4      | Reached XP level 6. HP: 10/30 MP: 7/7
  2426 | D:4      | Noticed Natasha
  2429 | D:4      | 2429 ||| RETREEEEATING.
  2430 | D:4      | 2430 ||| RETREEEEATING.
  2431 | D:4      | 2431 ||| RETREEEEATING.
  2432 | D:4      | 2432 ||| RETREEEEATING.
  2434 | D:4      | 2434 ||| RETREEEEATING.
  2436 | D:4      | 2436 ||| RETREEEEATING.
  2448 | D:4      | HP: 3/30 [Natasha/magic dart (8)]
  2449 | D:4      | Killed Natasha
  2450 | D:4      | Reached skill level 6 in Dodging
  2577 | D:4      | Noticed Edmund
  2592 | D:4      | Slain by Edmund

Levels and vault maps discovered:
D:1:      heliophobic_arrival_battle_scene, layout_basic
D:2:      layout_basic
D:3:      layout_loops_cross
D:4:      kennysheep_big_flooded_room, layout_basic, demons_altar,
          serial_aquarium, aquarium_bridge_straight [aquarium_subvault_bridge,
          aquarium_subvault_wall, aquarium_subvault_bridge,
          aquarium_subvault_window], aquarium_window_2, aquarium_window_1,
          aquarium_window_fake, aquarium_window_fake, aquarium_view_2g,
          aquarium_pool_side, uniq_edmund, uniq_blork_the_orc, uniq_eustachio,
          uniq_natasha

Skill      XL: |  1  2  3  4  5  6 |
---------------+-------------------+-----
Dodging        | 3 4 5 6 |  6.0
Ranged Weapons | 5 6 |  6.3
Fighting       | 2 |  2.1
Stealth        | |  1.5

Action                     |  1- 3 |  4- 6 || total
---------------------------+-------+-------++-------
   Fire: Shortbow          |   131 |   146 ||   277
    Use: Scroll            |     4 |     3 ||     7
         Potion            |     1 |       ||     1
 Armour: Robe              |    11 |    37 ||    48
  Dodge: Dodged            |    31 |   124 ||   155

Table legend:
 A = Non-vault XP
 B = Vault XP
 C = Vault XP percentage of total XP
 D = Non-vault monster count
 E = Vault monster count
 F = Vault count percentage of total count
                 A         B        C        D         E       F
            +---------+---------+-------+---------+---------+-------
      Total |     309 |     229 |  42.6 |      74 |       2 |   2.6
            +---------+---------+-------+---------+---------+-------
        D:1 |      39 |       0 |   0.0 |      23 |       0 |   0.0
        D:2 |      44 |       0 |   0.0 |      19 |       0 |   0.0
        D:3 |     129 |       0 |   0.0 |      27 |       0 |   0.0
        D:4 |      97 |     229 |  70.2 |       5 |       2 |  28.6
            +---------+---------+-------+---------+---------+-------
